Map: 카이로스 정션 - 래더

Players

herO - Winner!

  • Race: Protoss Protoss
  • League: Master
  • Spawn Location: 5:00

lIIllllIIlll (INnoVation)

  • Race: Terran Terran
  • League: Master
  • Spawn Location: 11:00

Event: 2019 Assembly Summer

VOD

Have the link to the VOD?

Description

Time

  • Played on: Aug. 2, 2019, 8:39 a.m.
  • Length: 11:14

All games in this series

Show
View Real Time Build Order
Export as new Build Order

herO Protoss - Winner!

Build Orders: 1 Gate Expand, Oracle Opening 

Get SALT Encoding   

  12  0:00  Probe  
  13  0:12  Probe  
  14  0:17  Pylon  
  14  0:23  Probe  
  15  0:31  Probe  
  15  0:38  Gateway  
  15  0:39  Probe  
  16  0:46  Assimilator  
  17  0:51  Probe  
  18  1:03  Probe  
  19  1:15  Probe  
  20  1:24  Cybernetics Core  
  20  1:33  Nexus  
  20  1:39  Pylon  
  20  1:45  Assimilator  
  20  1:47  Probe  
  20  1:51  Adept  
  21  1:59  Probe  
  24  2:11  Adept, Probe  
  24  2:14  Stargate  
  27  2:23  Probe  
  27  2:27  Warp Gate  
  28  2:35  Probe  
  29  2:40  Adept  
  31  2:46  Probe  
  31  2:48  Probe, Oracle  
  33  2:58  Probe  
  33  3:00  Probe  
  38  3:10  Probe, Pylon  
  38  3:12  Probe  
  40  3:16  Adept  
  42  3:20  Oracle  
  42  3:23  Probe  
  42  3:24  Probe  
  47  3:35  Probe  
  47  3:36  Probe  
  47  3:37  Pylon  
  47  3:54  Probe x2  
  47  3:56  Oracle  
  47  4:07  Assimilator  
  47  4:08  Gateway x2, Assimilator  
  50  4:11  Probe x2  
  50  4:15  Adept  
  52  4:22  Twilight Council  
  52  4:25  Probe x2  
  52  4:30  Pylon  
  51  4:37  Probe x2  
  51  4:38  Adept  
  55  4:41  Phoenix  
  55  4:49  Probe x2  
  55  4:51  Pylon  
  59  4:56  Charge  
  59  5:00  Phoenix  
  59  5:03  Gateway  
  61  5:16  Nexus  
  61  5:17  Phoenix  
  61  5:19  Probe x2  
  65  5:37  Probe x2  
  65  5:42  Phoenix, Pylon  
  63  5:49  Probe x2  
  65  5:50  Gateway  
  65  5:51  Templar Archives  
  65  5:59  Phoenix  
  65  6:01  Gateway  
  65  6:04  Sentry  
  65  6:09  Zealot  
  65  6:10  Zealot  
  73  6:16  Phoenix  
  73  6:17  Pylon  
  75  6:28  Zealot x2  
  75  6:32  Zealot x2  
  83  6:37  Phoenix  
  83  6:44  Zealot  
  84  6:47  Probe x2  
  84  6:48  Probe  
  84  6:53  Robotics Facility  
  87  6:59  Probe x2  
  87  7:00  Probe  
  90  7:02  Phoenix  
  92  7:11  Probe  
  92  7:12  Probe  
  92  7:13  Probe  
  93  7:21  High Templar x2  
  93  7:22  High Templar  
  95  7:23  Probe x3  
  95  7:27  Psionic Storm  
  95  7:29  Assimilator  
  98  7:30  Assimilator  
  98  7:31  Probe  
  98  7:35  Probe, Pylon  
  98  7:36  Probe  
  100  7:37  Forge  
  100  7:39  Probe  
  100  7:40  High Templar, Forge  
  104  7:46  Probe  
  104  7:48  Probe  
  104  7:50  Zealot  
  104  7:51  Probe  
  108  7:53  Warp Prism  
  108  7:56  Pylon x2  
  111  8:06  Probe x3  
  111  8:09  Pylon  
  114  8:22  High Templar, Zealot x2, Protoss Ground Armor Level 1, Protoss Ground Weapons Level 1  
  120  8:27  Pylon  
  120  8:29  Immortal  
  120  8:30  High Templar  
  120  8:32  Zealot x2  
  130  8:36  Archon  
  130  8:40  Gateway  
  130  8:42  Gateway, Colossus  
  130  8:43  Gateway  
  130  8:44  Blink  
  130  9:02  High Templar x2  
  124  9:03  Zealot x4, Immortal  
  134  9:16  Photon Cannon  
  134  9:17  Shield Battery x2  
  136  9:25  High Templar x2  
  136  9:26  Zealot x2  
  136  9:30  Immortal  
  144  9:33  Archon  
  113  9:54  High Templar x2, Archon  
  113  9:55  Zealot x5  
  113  9:59  Stalker  
  129  10:00  Warp Prism, Stalker  
  119  10:20  Zealot x5  
  117  10:24  Zealot, Immortal  
  117  10:25  Zealot  
  117  10:36  Oracle  
  117  10:38  Archon  
  117  10:40  High Templar x2, Zealot x5  
  135  10:44  Archon  
  135  10:47  Zealot x2  
  122  11:04  Stalker x3  
  122  11:05  Stalker x2  
Show
View Real Time Build Order
Export as new Build Order

lIIllllIIlll Terran 

Build Orders: Gas First Reaper Expand 

Get SALT Encoding   

  12  0:00  SCV  
  13  0:12  SCV  
  14  0:16  Supply Depot  
  14  0:24  SCV  
  14  0:28  Refinery  
  15  0:38  SCV  
  16  0:44  Barracks  
  16  0:50  SCV  
  17  1:02  SCV  
  18  1:14  SCV  
  19  1:30  Orbital Command  
  19  1:31  Reaper  
  20  1:41  Command Center  
  20  1:52  Factory  
  20  1:56  SCV  
  21  2:04  Refinery  
  21  2:05  Barracks Reactor  
  22  2:08  SCV  
  22  2:13  Supply Depot  
  22  2:20  SCV  
  23  2:35  SCV  
  23  2:36  Hellion  
  26  2:40  Supply Depot  
  26  2:41  Marine x2  
  28  2:47  SCV  
  28  2:50  Starport  
  29  2:57  Widow Mine  
  31  3:01  Marine x2  
  31  3:02  SCV  
  34  3:14  SCV  
  34  3:15  Orbital Command  
  34  3:19  Marine x2  
  37  3:24  Widow Mine  
  39  3:28  Medivac  
  39  3:32  SCV  
  42  3:37  Marine x2  
  44  3:43  SCV  
  44  3:44  SCV  
  44  3:47  Widow Mine  
  45  3:54  Marine  
  45  3:55  Marine, SCV  
  43  3:59  Viking  
  41  4:08  SCV  
  41  4:09  Factory Tech Lab, SCV  
  42  4:12  Marine x2  
  44  4:22  SCV x2  
  46  4:25  Supply Depot  
  49  4:34  Marine x2, Siege Tank  
  49  4:37  Starport Tech Lab  
  49  4:38  SCV x2  
  53  4:41  Supply Depot  
  53  4:50  SCV x2  
  53  4:52  Marine x2  
  55  4:56  Supply Depot, Raven  
  59  5:02  SCV x2  
  59  5:06  Siege Tank  
  64  5:10  Marine x2  
  64  5:15  Barracks, SCV x2  
  64  5:16  Supply Depot  
  64  5:20  Barracks  
  66  5:25  Engineering Bay  
  66  5:28  Marine x2  
  67  5:30  SCV x2  
  70  5:42  Refinery, SCV x2  
  67  5:46  Marine x2, Refinery  
  67  5:48  Factory Reactor  
  70  5:50  Starport Reactor  
  70  5:54  SCV, Terran Infantry Weapons Level 1  
  70  5:55  Supply Depot, SCV  
  72  6:06  Marine x2, SCV  
  72  6:07  SCV  
  74  6:11  Stimpack, Marine  
  75  6:21  Marine  
  75  6:24  Marine x2, SCV x2  
  80  6:29  Marine  
  80  6:30  Bunker  
  80  6:31  Bunker  
  78  6:33  Combat Shield, Missile Turret, Widow Mine x2  
  78  6:35  Bunker  
  77  6:41  Marauder  
  77  6:42  Marine x2  
  77  6:46  Medivac x2  
  73  6:47  Marauder  
  66  6:55  Widow Mine x2  
  66  6:57  Bunker  
  66  6:58  Barracks  
  66  7:00  Barracks  
  70  7:03  Marauder  
  70  7:04  Marine  
  70  7:05  Marine  
  72  7:09  Marauder  
  72  7:13  Missile Turret  
  71  7:17  Widow Mine x2  
  71  7:21  SCV x2  
  70  7:24  Medivac  
  70  7:25  Medivac  
  70  7:29  Missile Turret  
  74  7:33  SCV  
  74  7:34  SCV  
  74  7:35  Marine x2  
  77  7:38  Widow Mine  
  77  7:40  Widow Mine  
  81  7:46  SCV x2  
  81  7:47  Barracks Reactor  
  81  7:49  Terran Infantry Armor Level 1  
  82  7:55  Barracks Tech Lab  
  82  7:58  SCV x2  
  84  8:00  Widow Mine  
  84  8:01  Widow Mine  
  88  8:07  Supply Depot  
  88  8:08  Supply Depot  
  88  8:09  Medivac  
  88  8:10  Medivac  
  92  8:15  Concussive Shells  
  92  8:16  Marine x2  
  90  8:21  Marauder x2  
  94  8:28  Marauder, Widow Mine x2  
  94  8:31  Marine x2  
  94  8:34  Marine x2  
  102  8:37  Supply Depot  
  102  8:38  Supply Depot  
  106  8:49  Marine  
  106  8:50  Marine, Widow Mine x2  
  106  8:52  Marine  
  106  8:53  Marine  
  110  8:58  Marauder  
  110  8:59  Marauder x2, Medivac  
  101  9:09  Medivac  
  103  9:17  Marine x3  
  103  9:23  Widow Mine  
  106  9:25  Widow Mine  
  106  9:30  Marine x2  
  110  9:36  Marine  
  110  9:37  Marauder  
  112  9:45  Widow Mine  
  98  9:46  Widow Mine  
  98  9:51  Marine  
  98  9:52  Marauder x2  
  98  9:55  Marine x2  
  99  10:06  Widow Mine  
  99  10:08  Widow Mine  
  99  10:09  Marine x2  
  99  10:10  Marauder  
  99  10:12  Marine  
  91  10:16  Marine x2, Marauder  
  87  10:25  Medivac  
  87  10:27  Widow Mine  
  91  10:29  Medivac  
  91  10:33  Marine x2  
  88  10:36  Widow Mine  
  88  10:42  Marine, Marauder  
  86  10:48  Marine  
  86  10:49  Marine, Widow Mine  
Tags
 
Add a new tag
Caveats
  • Supply blocks, unpowered buildings, or Contaminate may cause inaccurate times.
  • Supply counts are checked every 10 seconds.